 Dungeon Crawl Stone Soup version 0.17.0-28-g6e173f8 (webtiles) character file.

5173 M4edhros the Covert (level 10, -1/66 HPs)
             Began as an Octopode Wanderer on Nov 26, 2015.
             Slain by a wraith (7 damage)
             ... led by Josephine
             ... on level 10 of the Dungeon.
             The game lasted 00:20:10 (8343 turns).

M4edhros the Covert (Octopode Wanderer)             Turns: 8343, Time: 00:20:10

Health: -1/66      AC:  4    Str:  5    XL:     10   Next: 59%
Magic:  0/20       EV: 24    Int: 14    God:    Xom [....*.]
Gold:   980        SH:  0    Dex: 16    Spells: 2 memorised, 8 levels left

rFire  + . .     SeeInvis .     M - +2 dagger (chaos)
rCold  x . .     Clarity  .     (no shield)
rNeg   . . .     SustAt   .     (helmet restricted)
rPois  .         Gourm    .     f - amulet of guardian spirit
rElec  .         Spirit   +     n - +3 ring of protection
rCorr  .         Warding  .     o - ring of fire
rMut   .         Stasis   .     (no ring)
MR     .....                    q - +5 ring of evasion
Stlth  ++++++++..               x - ring of magical power
                                (no ring)
                                (no ring)
                                (no ring)

@: slowed, very slow, not resistant to hostile enchantments, extraordinarily
stealthy
A: almost no armour, amphibious, 8 rings, constrict 8, antennae 1, repulsion
field 1, camouflage 1, dopey 1, robust 1, weak 2, gelatinous body 1
a: Renounce Religion


You were on level 10 of the Dungeon.
You worshipped Xom.
You were a beloved toy of Xom.
You were not hungry.

You visited 2 branches of the dungeon, and saw 11 of its levels.
You also visited: Ossuary.

You collected 980 gold pieces.

Inventory:

Hand Weapons
 d - a +3 hunting sling
 l - a +2 long sword of flaming
 I - the +0 greatsling of Ylulud {flame, rC+ MP+9 Str+3}
   (You acquired it on level 9 of the Dungeon)

   It causes projectiles fired from it to burn those they strike, causing extra
   injury to most foes and up to half again as much damage against particularly
   susceptible opponents.
   It affects your strength (+3).
   It protects you from cold.
   It affects your magic capacity (+9).
 M - a +2 dagger of chaos (weapon)
Missiles
 s - 351 stones (quivered)
 w - 57 sling bullets
Jewellery
 f - an amulet of guardian spirit (around mantle)
 n - a +3 ring of protection (left tentacle)
 o - a ring of fire (right tentacle)
 q - a +5 ring of evasion (on tentacle)
 x - a ring of magical power (on tentacle)
Wands
 c - a wand of random effects (42)
 i - a wand of frost (11)
 u - a wand of polymorph (17)
 y - a wand of draining (0)
 D - a wand of fireball (1)
 O - a wand of digging (7)
Scrolls
 g - 2 scrolls of magic mapping
 k - a scroll of blinking
 m - 4 scrolls of enchant armour
 z - 3 scrolls of remove curse
 B - 2 scrolls of teleportation
 C - a scroll of fog
 E - 4 scrolls of immolation
 J - a scroll of summoning
 K - a scroll of fear
 S - a scroll of recharging
 Y - 3 scrolls of identify
Potions
 r - a potion of magic
 A - 2 potions of heal wounds
 F - 2 potions of resistance
 H - a potion of haste
 L - 2 potions of flight
 R - a potion of lignification
 W - a potion of curing
Books
 a - a book of Air

   Spells                             Type                      Level
   a - Shock                          Conjuration/Air              1
   b - Swiftness                      Charms/Air                   2
   c - Repel Missiles                 Charms/Air                   2
   d - Static Discharge               Conjuration/Air              3
   e - Lightning Bolt                 Conjuration/Air              5
 b - the Papyrus of Cold

   Spells                             Type                      Level
   a - Freeze                         Ice                          1
   b - Ensorcelled Hibernation        Hexes/Ice                    2
 h - a book of Summonings

   Spells                             Type                      Level
   a - Recall                         Summoning/Translocation      3
   b - Aura of Abjuration             Summoning                    5
   c - Shadow Creatures               Summoning                    5
   d - Summon Demon                   Summoning                    5
   e - Summon Forest                  Summoning/Translocation      5
   f - Summon Mana Viper              Hexes/Summoning              5
Comestibles
 e - 4 bread rations
 j - 4 chunks of flesh
 v - 6 meat rations
 U - a fruit


   Skills:
 - Level 2.0 Fighting
   Level 1.0 Maces & Flails
 * Level 7.2(7.3) Slings
 - Level 1.0(4.6) Throwing
 + Level 7.5 Dodging
 * Level 14.9 Stealth
 - Level 1.0 Spellcasting
 - Level 4.0 Air Magic
 - Level 1.1 Evocations


You had 8 spell levels left.
You knew the following spells:

 Your Spells              Type           Power        Failure   Level  Hunger
a - Repel Missiles        Chrm/Air       #.....       21%         2    ###....
b - Freeze                Ice            #...         30%         1    ##.....


Dungeon Overview and Level Annotations

Branches:
Dungeon (10/15)            Temple (1/1) D:7             Orc (0/4) D:9
   Lair: D:8-11

Altars:
Ashenzari
Cheibriados
Dithmenos
Elyvilon
Fedhas
Gozag
Kikubaaqudgha
Makhleb
Nemelex Xobeh
Okawaru
Qazlal
Ru
Sif Muna
Trog
Vehumet
Xom
Yredelemnul
Zin
The Shining One
Beogh

Shops:
D:10 *

Annotations:
D:4 bollicks1999's ghost, amateur HOFi
D:6 Dowan, Duvessa


Innate Abilities, Weirdness & Mutations

You cannot wear most types of armour.
You are amphibious.
You can wear up to eight rings at the same time.
You can use your tentacles to constrict eight enemies at once.
Your skin changes colour to match your surroundings (Stealth).
Your rubbery body absorbs attacks (AC +1).
You have a pair of small antennae on your head.
You are surrounded by a mild repulsion field (EV +2).
You are dopey. (Int -2)
You are robust (+10% HP).
You are very weak. (Str -4)


Message History

Drink which item? (? for menu, Esc to quit)
You feel much better. Something hits you!
You hit something but do no damage.
You heal something.
Something hits you. Something hits you.
You hit something. You squeeze something. Something closely misses you.
You hit something but do no damage. Something misses you. Something hits you!
* * * LOW HITPOINT WARNING * * *
Something drains your vigour!
You feel as though you will be slow longer.
* * * LOW HITPOINT WARNING * * *
You hit something. Something hits you!
* * * LOW HITPOINT WARNING * * *
Evoke which item? (* to show all) (? for menu, Esc to quit)
Zapping:
D - a wand of fireball (2)
Press: ? - help, Shift-Dir - straight line The fireball explodes!
The fireball engulfs something.
This wand has 1 charge left.
A wraith appears from thin air!
Reactivating autopickup.
The wraith misses you. The wraith hits you!
You die...

........#....#............#.
........#..#######'###....#.
........#..######..###....#.
........#..#....#.........#.
........#..#....#.........#.
........'..#....'...##....#.
........#####'###'####....#.
$....................#....#.
...........@W........#....#.
.....................+....#.
..................[..#+####.
#################'##........
#..#........ #..#........
### #[[#.......# #..
#>.#.......# #...
#..#.......#


You could see a wraith.

Vanquished Creatures
  Josephine (D:10)
  A raiju (D:9)
  A slime creature (D:10)
  3 yaks
  2 hungry ghosts (D:10)
  2 ice beasts
  A wasp (D:9)
  An eye of draining (D:6)
  A black bear (D:7)
  2 phantoms
  4 ogres
  The ghost of M4edhros the Sneak, an amateur OpWn (D:3)
  A big kobold (D:9)
  A gnoll sergeant (D:8)
  Blork the orc (D:6)
  3 giant frogs
  An elf zombie (D:6)
  An elf skeleton (D:6)
  5 killer bees
  A scorpion (D:8)
  5 crimson imps
  2 jellies
  A human zombie (D:6)
  A giant frog zombie (D:5)
  5 hounds
  Ijyb (D:3)
  A giant frog skeleton (D:4)
  5 orc wizards
  A centaur skeleton (D:5)
  7 worker ants
  2 iguanas (D:10)
  Terence (D:2)
  Natasha (thrice) (D:2)
  An orc priest (D:6)
  3 big kobold zombies (Ossuary)
  A hound skeleton (D:7)
  A mummy (Ossuary)
  2 worker ant zombies
  5 gnolls (D:8)
  12 adders
  2 shadow imps
  2 adder zombies
  An adder skeleton (D:3)
  3 worms
  3 giant geckos
  17 orcs
  5 spectral bats (Ossuary)
  2 ball pythons
  11 gnoll zombies
  15 goblins
  8 hobgoblins
  8 jackals
  5 quokkas
  A ball python skeleton (D:5)
  6 bats
  5 bat simulacra (Ossuary)
  3 giant cockroaches
  A giant cockroach zombie (D:5)
  8 giant newts
  2 goblin simulacra (Ossuary)
  5 goblin zombies (Ossuary)
  5 hobgoblin zombies (Ossuary)
  A jackal zombie (D:8)
  7 kobolds
  3 kobold simulacra (Ossuary)
  3 kobold zombies (Ossuary)
  3 orc skeletons (D:6)
  5 orc zombies (Ossuary)
  A quokka skeleton (D:7)
  6 rats
  2 rat simulacra (Ossuary)
  2 spectral goblins (Ossuary)
  5 spectral kobolds (Ossuary)
  3 spectral rats (Ossuary)
253 creatures vanquished.

Vanquished Creatures (collateral kills)
  A scorpion (D:6)
  3 crimson imps
  An orc priest (D:6)
  A worker ant (D:6)
  A quasit (D:6)
7 creatures vanquished.

Grand Total: 260 creatures vanquished

Notes
Turn   | Place    | Note
--------------------------------------------------------------
     0 | D:1      | M4edhros the Octopode Wanderer began the quest for the Orb.
     0 | D:1      | M4edhros set off with: a book of Air, the Papyrus of Cold, a wand of random effects (15), a +0 dagger, a bread ration
     0 | D:1      | Reached XP level 1. HP: 14/14 MP: 2/2
     0 | D:1      | Identified the Papyrus of Cold
    52 | D:1      | Reached skill level 1 in Stealth
   383 | D:1      | Reached XP level 2. HP: 16/19 MP: 3/3
   597 | D:2      | Noticed Natasha
   606 | D:2      | Killed Natasha
   606 | D:2      | Reached skill level 1 in Dodging
   606 | D:2      | Reached XP level 3. HP: 12/24 MP: 2/4
   685 | D:3      | Found a shimmering altar of Xom.
   693 | D:3      | Became a worshipper of Xom of Chaos
   740 | D:4      | XOM: potion effect (invisibility)
   752 | D:4      | Reached XP level 4. HP: 20/29 MP: 3/5
   752 | D:4      | XOM: butterfly on damage
   754 | D:4      | Reached skill level 5 in Stealth
  1031 | D:5      | Entered Level 5 of the Dungeon
  1036 | D:5      | XOM: mild Conj miscast
  1237 | D:5      | XOM: harmless Pois miscast
  1250 | D:5      | Reached XP level 5. HP: 32/34 MP: 4/6
  1271 | D:5      | Reached skill level 6 in Stealth
  1379 | D:5      | XOM is BORED!
  1379 | D:5      | XOM: summons 3 hostile shadow creatures
  1380 | D:5      | Noticed a centaur
  1380 | D:5      | Noticed an ice beast
  1490 | D:5      | XOM: harmless Chrm miscast
  1531 | D:5      | Found a blossoming altar of Fedhas.
  1623 | D:5      | Reached skill level 7 in Stealth
  1753 | D:5      | Reached XP level 6. HP: 36/39 MP: 7/7
  1789 | D:5      | XOM: give mutations
  1789 | D:5      | Gained mutation: You are dopey. (Int -2) [Xom's mischief]
  1789 | D:5      | Gained mutation: You are weak. (Str -2) [Xom's mischief]
  1789 | D:5      | Gained mutation: You are very weak. (Str -4) [Xom's mischief]
  1811 | D:5      | XOM: silly message
  2058 | D:6      | Found a basalt altar of Yredelemnul.
  2142 | D:6      | Noticed Blork the orc
  2151 | D:6      | XOM: enchant monster (good)
  2157 | D:6      | XOM: summons friendly blue devil
  2160 | D:6      | Reached skill level 8 in Stealth
  2234 | D:6      | Found a sacrificial altar of Ru.
  2289 | D:6      | Noticed Duvessa
  2290 | D:6      | XOM: confusion (+ monsters)
  2295 | D:6      | XOM: enchant monster (bad)
  2300 | D:6      | XOM: polymorph orc -> giant gecko
  2411 | D:6      | Noticed Dowan
  2486 | D:6      | Reached XP level 7. HP: 45/45 MP: 8/8
  2606 | D:6      | XOM: god gift: shiny ivory wand {god gift}
  2641 | D:6      | Found a sand-covered staircase.
  2653 | Ossuary  | Entered an ossuary
  2784 | Ossuary  | Reached skill level 9 in Stealth
  2885 | Ossuary  | XOM: divination: magic mapping
  3204 | D:6      | Reached skill level 10 in Stealth
  3244 | D:6      | XOM: cast spell 'Summon Small Mammal'
  3248 | D:6      | Killed Blork the orc
  3248 | D:6      | Reached XP level 8. HP: 33/50 MP: 5/9
  3276 | D:6      | XOM: polymorph quokka -> river rat
  3446 | D:7      | XOM: summons friendly white imp
  3484 | D:7      | Found a staircase to the Ecumenical Temple.
  3497 | Temple   | Entered the Ecumenical Temple
  3516 | Temple   | XOM: god gift: 3 tomahawks of returning
  3526 | Temple   | XOM: god gift: 410 gold pieces
  3771 | D:4      | Noticed an ogre
  3779 | D:4      | Killed an ogre
  3779 | D:4      | Reached skill level 11 in Stealth
  3787 | D:4      | Reached skill level 5 in Dodging
  3807 | D:4      | Noticed bollicks1999's ghost (amateur HOFi)
  3821 | D:3      | Found a shimmering altar of Xom.
  3835 | D:3      | Found a shattered altar of Ashenzari.
  3870 | D:3      | Noticed M4edhros's ghost (amateur OpWn)
  3873 | D:3      | XOM: cast spell 'Shadow Creatures'
  3882 | D:3      | Killed M4edhros's ghost
  3906 | D:3      | XOM: polymorph crimson imp -> shadow imp
  3938 | D:3      | XOM: summons 8 friendly demons
  4129 | D:3      | XOM: vitrification
  4149 | D:3      | XOM: enchant monster (good)
  4323 | D:3      | Noticed Ijyb
  4346 | D:3      | Killed Ijyb
  4346 | D:3      | Reached skill level 12 in Stealth
  4492 | D:2      | Noticed Terence
  4497 | D:2      | Killed Terence
  4521 | D:2      | Reached skill level 1 in Slings
  4643 | D:2      | XOM: god gift: halberd {god gift}
  4759 | D:2      | Noticed Natasha
  4768 | D:2      | Killed Natasha
  4777 | D:2      | Noticed Natasha
  4782 | D:2      | Killed Natasha
  4793 | D:2      | XOM: god gift: scroll of noise
  5280 | D:3      | XOM: vitrification
  5379 | D:5      | XOM: god gift: 25 arrows of dispersal
  5541 | D:7      | Found a radiant altar of Vehumet.
  5784 | D:7      | Found a bloodstained altar of Trog.
  5863 | D:7      | XOM: summons 5 friendly demons
  5873 | D:7      | Reached XP level 9. HP: 16/54 MP: 6/10
  6076 | D:8      | XOM: confuse monster(s)
  6309 | D:8      | XOM: cast spell 'Chain of Chaos'
  6385 | D:8      | Reached skill level 13 in Stealth
  6385 | D:8      | XOM: polymorph gnoll -> killer bee
  6476 | D:8      | Found a deep blue altar of Sif Muna.
  6637 | D:8      | XOM: harmless Tloc miscast
  7069 | D:9      | XOM: polymorph yak -> raiju
  7129 | D:9      | XOM: god gift: 28 gold pieces
  7153 | D:10     | Entered Level 10 of the Dungeon
  7201 | D:10     | XOM: medium Pois miscast
  7282 | D:10     | Reached skill level 5 in Slings
  7329 | D:10     | Noticed Josephine
  7331 | D:10     | XOM: smoke on damage
  7368 | D:10     | Killed Josephine
  7368 | D:10     | Reached skill level 14 in Stealth
  7368 | D:10     | Reached XP level 10. HP: 60/60 MP: 11/11
  7401 | D:10     | XOM: silly message
  7421 | D:9      | Found a staircase to the Orcish Mines.
  7454 | D:9      | Identified a scroll of acquirement
  7455 | D:9      | Got an ivory greatsling
  7457 | D:9      | Identified the +0 greatsling of Ylulud {flame, rC+ MP+9 Str+3} (You acquired it on level 9 of the Dungeon)
  7533 | D:9      | XOM: silly message
  7541 | D:9      | XOM: divination: detect items
  7544 | D:9      | XOM: potion effect (berserk rage)
  7635 | D:9      | Gained mutation: You are surrounded by a mild repulsion field (EV +2). [potion of mutation]
  7635 | D:9      | Gained mutation: You are robust (+10% HP). [potion of mutation]
  7635 | D:9      | Gained mutation: You have a pair of small antennae on your head. [potion of mutation]
  7894 | D:9      | Learned a level 2 spell: Repel Missiles
  7896 | D:9      | Learned a level 1 spell: Freeze
  8088 | D:9      | XOM: confuse monster(s)
  8107 | D:9      | Found a roughly hewn altar of Beogh.
  8152 | D:10     | Noticed a hill giant
  8153 | D:10     | XOM: scenery: 1 doors open, 2 doors close
  8164 | D:10     | XOM: noise
  8165 | D:10     | XOM: blink monster(s)
  8170 | D:10     | a hill giant changed into a slime creature
  8266 | D:10     | Found Kivvaido's General Store.
  8276 | D:10     | XOM: 2-stop teleportation journey
  8343 | D:10     | Slain by a wraith

Action                   |  1- 3 |  4- 6 |  7- 9 | 10-12 || total
-------------------------+-------+-------+-------+-------++-------
Melee: Dagger            |    48 |    80 |   580 |   111 ||   819
       Long sword        |       |       |     8 |       ||     8
 Fire: Hunting sling     |       |       |    11 |     4 ||    15
       Greatsling        |       |       |       |    16 ||    16
Evoke: Wand              |       |       |     5 |     5 ||    10
  Use: Scroll            |     5 |     2 |    16 |     3 ||    26
       Potion            |     4 |     2 |     6 |     3 ||    15
 Stab: Sleeping          |     3 |     6 |    49 |     4 ||    62
       Distracted        |       |       |     3 |       ||     3
       Invisible         |       |       |     1 |       ||     1
       Petrified         |       |       |     1 |       ||     1
       Paralysed         |       |       |     2 |     1 ||     3
       Confused          |       |       |     1 |     1 ||     2
  Eat: Chunk             |       |     5 |    11 |     6 ||    22
       Pizza             |       |       |     1 |       ||     1
       Beef jerky        |       |       |     2 |       ||     2
